 Dungeon Crawl Stone Soup version 0.31-a0-1467-g53b6572822 (webtiles) character file.

Game seed: 9293747521702849321

86 senseless the Trooper (level 4, -10/48 HPs)
             Began as an Oni Gladiator on Dec 28, 2023.
             Mangled by Crazy Yiuf
             ... wielding a +2 quarterstaff of chaos
              (12 damage)
             ... on level 2 of the Dungeon.
             The game lasted 00:02:34 (1709 turns).

senseless the Trooper (Oni Gladiator)               Turns: 1709, Time: 00:02:34

Health: -10/48     AC:  3    Str: 20    XL:     4   Next: 50%
Magic:  0/4        EV: 10    Int:  9    God:
Gold:   54         SH:  0    Dex: 10    Spells: 0/3 levels left

rFire   . . .        a - +0 flail
rCold   . . .        (no shield)
rNeg    . . .        b - +0 robe
rPois   .            c - +0 hat
rElec   .            (no cloak)
rCorr   .            (gloves unavailable)
SInv    .            (boots unavailable)
Will    .....        k - amulet of regeneration
Stlth   +            j - +4 ring of slaying
HPRegen 1.08/turn    (no ring)
MPRegen 0.09/turn

%: no passive effects
@: no status effects
A: large, unfitting armour, horns 1, tough skin 1, double potion healing,
drunken brawling
a: no special abilities


You were on level 2 of the Dungeon.
You visited 1 branch of the dungeon, and saw 2 of its levels.

You collected 82 gold pieces.
You spent 28 gold pieces at shops.

Inventory:

Hand Weapons
 a - a +0 flail (weapon)
Missiles
 d - 3 throwing nets (quivered)
 e - a large rock
Armour
 b - a +0 robe (worn)
 c - a +0 hat (worn)
Jewellery
 j - a +4 ring of slaying (left hand)
 k - an amulet of regeneration (around neck)
Scrolls
 i - a scroll of revelation {unknown}
 l - a scroll of enchant weapon {unknown}
 m - a scroll of noise {unknown}
Potions
 g - a potion of mutation {unknown}
 h - 2 potions of curing
 n - a potion of might {unknown}


   Skills:
 * Level 4.0 Fighting
 * Level 3.7 Maces & Flails
 + Level 2.5 Throwing
 * Level 3.2 Dodging


You couldn't memorise any spells.
You knew the following spells:

 Your Spells              Type           Power      Damage    Failure   Level
a - Call Canine Familiar  Summ           0%         N/A       77%         3

Your spell library contained the following spells:

 Spells                   Type           Power      Damage    Failure   Level
 Sigil of Binding         Hex            0%         N/A       77%         3
 Dimensional Bullseye     Hex/Tloc       0%         N/A       99%         4


Dungeon Overview and Level Annotations

Branches:
Dungeon (2/15)

Altars:
Qazlal

Shops:
D:1 ?

Annotations:
D:2 Crazy Yiuf


Innate Abilities, Weirdness & Mutations

You are too large for most types of armour.
You have a pair of small horns on your head.
You have tough skin. (AC +1)
You gain doubled healing and magic from potions.
Whenever you drink a healing potion, you attack all around you.


Message History

Found 4 stones.
You see here 4 stones.
There is a stone staircase leading up here.
There is an open door here.
You see here a +0 hand axe.
You see here a +0 club.
Things that are here:
5 stones; a rat skeleton
There is an open door here.
Partly explored, can't reach some places.
You hit the fungus.
The fungus begins to die.
The fungus is lightly damaged.
You hit the fungus.
The fungus begins to die.
You headbutt the fungus.
The fungus is lightly damaged.
You sock the fungus! You headbutt the fungus!
The fungus is lightly damaged.
You sock the fungus! You headbutt the fungus.
The fungus is lightly damaged.
A nearby fungus withers and dies. x2
Found a hammer.
Found a runed translucent door.
Crazy Yiuf shouts!
You open the door.
Crazy Yiuf cries, "Announcement!"
You barely miss Crazy Yiuf. Crazy Yiuf barely misses you.
You barely miss Crazy Yiuf.
Crazy Yiuf hits you with a +2 quarterstaff of chaos!
You are electrocuted!
You completely miss Crazy Yiuf. Crazy Yiuf barely misses you.
You sock Crazy Yiuf!
Crazy Yiuf is severely wounded.
Crazy Yiuf hits you with a +2 quarterstaff of chaos!
You feel your power leaking away.
Crazy Yiuf grits, "Walk!"
Crazy Yiuf closely misses you.
You barely miss Crazy Yiuf.
Crazy Yiuf is severely wounded.
Crazy Yiuf hits you with a +2 quarterstaff of chaos!
* * * LOW HITPOINT WARNING * * *
You are electrocuted!
You die...

....##.#########..##
##.....# #....#
#.....## #P.#.#
##...## ##PP.# ##.##
##.## #.# ##.# # #.#
#.## ###'## ##.#
##...## #@##
#.....## #g#
.......## ...
.....<..#### #...#
........'..# #)..#
........#### #####
.......## #.....##
######## ##...##
#......#


You could see Crazy Yiuf.

Vanquished Creatures
  Jessica (D:2)
  An adder (D:2)
  A worm (D:2)
  2 dart slugs (D:1)
  3 ball pythons
  3 bats
  2 endoplasms (D:1)
  4 goblins
  4 hobgoblins
  5 jackals (D:2)
  3 quokkas
  A frilled lizard (D:1)
  5 kobolds
  9 rats
44 creatures vanquished.

Notes
Turn   | Place    | Note
-------+----------+-------------------------------------------
     0 | D:1      | senseless the Oni Gladiator began the quest for the Orb.
     0 | D:1      | Reached XP level 1. HP: 22/22 MP: 1/1
   292 | D:1      | Reached skill level 3 in Fighting
   292 | D:1      | Reached XP level 2. HP: 31/31 MP: 2/2
   539 | D:1      | Reached XP level 3. HP: 37/37 MP: 3/3
   639 | D:1      | Found Ryox Omp's Magic Scroll Shoppe.
   642 | D:1      | Bought a scroll of identify for 28 gold pieces
  1018 | D:2      | Noticed Jessica
  1021 | D:2      | Killed Jessica
  1022 | D:2      | Reached XP level 4. HP: 45/48 MP: 4/4
  1157 | D:2      | Learned a level 3 spell: Call Canine Familiar
  1215 | D:2      | Reached skill level 4 in Fighting
  1306 | D:2      | Found a stormy altar of Qazlal.
  1700 | D:2      | Found a runed translucent door.
  1701 | D:2      | Noticed Crazy Yiuf
  1709 | D:2      | HP: 2/48 [Crazy Yiuf/+2 quarterstaff of chaos (14)]
  1709 | D:2      | Mangled by Crazy Yiuf

Illustrated notes

Levels and vault maps discovered:
D:1:      dpeg_cavernosity, layout_loops_ring, serial_shops, shop
D:2:      layout_loops_corners, basic_altar, minmay_misc_feat_x,
          nrook_loot_triangle, kennysheep_jessica_study, uniq_crazy_yiuf_cottage

Skill      XL: |  1  2  3  4 |
---------------+-------------+-----
Fighting       | 3 4 |  4.0
Dodging        | 3 |  3.2
Maces & Flails | |  3.7
Throwing       | |  2.5

Action                     |  1- 3 |  4- 6 || total
---------------------------+-------+-------++-------
  Melee: Flail             |    66 |    33 ||    99
         Headbutt          |     5 |     6 ||    11
    Use: Scroll            |     1 |     1 ||     2
 Armour: Robe              |    35 |    19 ||    54
  Dodge: Dodged            |    33 |    18 ||    51

Table legend: (Time is in decaauts)
 A = Elapsed time spent in this place.
 B = Non-inter-level travel time spent in this place.
 C = Inter-level travel time spent in this place.
 D = Time resting spent in this place.
 E = Time spent auto-exploring this place.
 F = Levels seen in this place.
 G = Mean time per level.
                   A        B        C        D        E       F      G
               +--------+--------+--------+--------+--------+-----+--------+
         Total |   1730 |   1696 |     34 |      0 |   1420 |   2 |  865.0 |
       Dungeon |   1730 |   1696 |     34 |      0 |   1420 |   2 |  865.0 |
               +--------+--------+--------+--------+--------+-----+--------+

Top non-repeatable levels by time:
     D:2: 989 daAuts
     D:1: 741 daAuts
